 Dungeon Crawl Stone Soup version 0.29.1-1-gd02db6906a (webtiles) character file.

Game seed: 14658236725784550989

166 NullDivider the Sneak (level 5, -3/31 HPs)
             Began as an Octopode Hedge Wizard on Sept 22, 2022.
             Slain by an orc priest
             ... wielding a +0 whip
              (5 damage)
             ... on level 4 of the Dungeon.
             The game lasted 00:09:02 (4941 turns).

NullDivider the Sneak (Octopode Hedge Wizard)       Turns: 4941, Time: 00:09:03

Health: -3/31      AC:  1    Str: 10    XL:     5   Next: 47%
Magic:  17/19      EV: 13    Int: 16    God:
Gold:   264        SH:  0    Dex: 13    Spells: 6/11 levels left

rFire   . . .      SeeInvis .   a - +0 dagger
rCold   . . .      Faith    .   (no shield)
rNeg    . . .      Spirit   .   b - +0 hat
rPois   .          Reflect  .   q - amulet of the acrobat
rElec   .          Harm     .   p - ring of magical power
rCorr   .          Rampage  .   (no ring)
Will    .....                   (no ring)
Stlth   ++++......              (no ring)
HPRegen 0.10/turn               (no ring)
MPRegen 0.16/turn               (no ring)
                                (no ring)
                                (no ring)

@: no status effects
A: almost no armour, amphibious, 8 rings, camouflage 1, gelatinous body 1,
(nimble swimmer 1), tentacles
a: no special abilities


You were on level 4 of the Dungeon.
You visited 1 branch of the dungeon, and saw 4 of its levels.

You collected 264 gold pieces.

Inventory:

Hand Weapons
 a - a +0 dagger (weapon)
Armour
 b - a +0 hat (worn)
Jewellery
 p - a ring of magical power (left tentacle)
 q - an amulet of the acrobat (around mantle)
Wands
 o - a wand of roots (8)
Scrolls
 d - 2 scrolls of teleportation
 e - 2 scrolls of poison {unknown}
 f - 2 scrolls of blinking
 i - a scroll of noise {unknown}
 k - a scroll of immolation {unknown}
 n - a scroll of acquirement {unknown}
 s - a scroll of fear {unknown}
 t - a scroll of enchant armour {unknown}
Potions
 c - 2 potions of magic
 g - a potion of heal wounds
 h - a potion of invisibility {unknown}
 j - 2 potions of flight
 l - a potion of degeneration {unknown}
 m - 2 potions of curing {unknown}
 r - a potion of berserk rage
 u - a potion of haste {unknown}


   Skills:
 * Level 1.8 Short Blades
 + Level 2.7 Dodging
 * Level 4.2 Stealth
 * Level 3.6 Spellcasting
 + Level 1.6 Conjurations
 + Level 1.8 Summonings
 + Level 1.7 Translocations


You had 6 spell levels left.
You knew the following spells:

 Your Spells              Type           Power      Damage    Failure   Level
a - Magic Dart            Conj           32%        1d4       9%          1
b - Call Imp              Summ           8%         N/A       13%         2
c - Blink                 Tloc           16%        N/A       13%         2

Your spell library contained the following spells:

 Spells                   Type           Power      Damage    Failure   Level
 Slow                     Hex            8%         N/A       19%         1
 Conjure Flame            Conj/Fire      5%         6-21      36%         3
 Mephitic Cloud           Conj/Pois/Air  4%         N/A       38%         3
 Petrify                  Tmut/Erth      2%         N/A       87%         4
 Metabolic Englaciation   Hex/Ice        1%         N/A       99%         5
 Statue Form              Tmut/Erth      1%         N/A       100%        6


Dungeon Overview and Level Annotations

Branches:
Dungeon (4/15)
 Temple: D:4-7

Altars:
Okawaru
Trog
Uskayaw


Innate Abilities, Weirdness & Mutations

You cannot wear most types of armour.
You are amphibious.
You can wear up to eight rings at the same time.
Your skin changes colour to match your surroundings (Stealth+).
Your rubbery body absorbs attacks. (AC +1, EV +1)
((You are camouflaged when in or above water. (Stealth+)))
You have tentacles for arms and can constrict up to eight enemies at once.


Message History

The kobold shouts!
There is an open door here.
You hit the kobold but do no damage. You grab the kobold.
You constrict the kobold, but do no damage.
The kobold barely misses you.
You hit the kobold.
The kobold is severely wounded.
You constrict the kobold.
You kill the kobold!
Things that are here:
a +0 club; a kobold corpse
Found 3 stones.
No target in view! 2 orc priests come into view.
An orc priest comes into view. It is wielding a +0 dagger.
The orc priest shouts! x2
The orc priest mumbles some strange prayers to Beogh against you.
Beogh smites you!
You hear an angry hiss.
Casting: Magic Dart (safe; 9% risk of failure)
Confirm with . or Enter, or press ? or * to list all spells.
A beastly little devil appears in a puff of flame.
A ball python comes into view.
The orc priest mumbles some strange prayers to Beogh against you.
Pain shoots through your body!
* * * LOW HITPOINT WARNING * * *
You feel much better.
The orc priest hits you with a +0 flail.
The orc priest hits you with a +0 whip.
Your crimson imp hits the orc priest.
You barely miss the orc priest. You grab the orc priest.
You constrict the orc priest. The orc priest misses you.
The orc priest barely misses you. The orc priest hits you with a +0 whip!
You hit the orc priest. Your grab misses the orc priest.
The orc priest is moderately wounded.
You constrict the orc priest.
Your crimson imp hits the orc priest.
The orc priest mumbles some strange prayers to Beogh against you.
Beogh smites you!
* * * LOW HITPOINT WARNING * * *
The orc priest hits you with a +0 whip.
You die...

.#.##.##..)....#
...............#........
....#.##.......#........
......##.......#........
....#.##########.......#
'####.# #####...S...#
......#### #......5...
.........# #....oo.#
.........# #....@o.#
.........# #.......+
.....<...# #.(....##
##.......# #......#
##.......####.....#
....#.....(.......###
......................
###.########..........
#. #...........


You could see 3 orc priests, a ball python and a friendly crimson imp
(summoned).

Vanquished Creatures
  A jelly (D:4)
  7 adders
  2 worms
  4 dart slugs
  3 orcs (D:3)
  4 endoplasms
  5 giant cockroaches
  5 goblins
  5 hobgoblins
  3 quokkas
  6 ball pythons
  3 bats
  A frilled lizard (D:1)
  6 kobolds
  2 rats
57 creatures vanquished.

Notes
Turn   | Place    | Note
-------+----------+-------------------------------------------
     0 | D:1      | NullDivider the Octopode Hedge Wizard began the quest for
                  | the Orb.
     0 | D:1      | Reached XP level 1. HP: 11/11 MP: 4/4
   431 | D:1      | Reached XP level 2. HP: 17/17 MP: 6/6
   438 | D:1      | Learned a level 2 spell: Call Imp
   441 | D:1      | Learned a level 2 spell: Blink
   813 | D:1      | Reached skill level 3 in Stealth
  2014 | D:2      | Reached skill level 1 in Short Blades
  2014 | D:2      | Reached XP level 3. HP: 9/21 MP: 7/7
  2545 | D:2      | Reached XP level 4. HP: 27/27 MP: 9/9
  3356 | D:3      | Found a bloodstained altar of Trog.
  3356 | D:3      | Found an iron altar of Okawaru.
  4119 | D:3      | Found a hide-covered altar of Uskayaw.
  4530 | D:4      | Reached XP level 5. HP: 31/31 MP: 10/10
  4643 | D:4      | Reached skill level 4 in Stealth
  4941 | D:4      | Slain by an orc priest

Illustrated notes

Levels and vault maps discovered:
D:1:      wander_arrival_peaceful_grave, layout_basic
D:2:      layout_basic, dreamdust_wishing_well, minmay_misc_feat_encased,
          minmay_heptomino_d4
D:3:      layout_rooms, grunt_temple_overflow_bloody_war,
          nicolae_overflow_hidden_temple, minmay_misc_feat_hallway
D:4:      layout_basic, nicolae_ru_the_path_less_chosen, xom_butterflies

Skill      XL: |  1  2  3  4  5 |
---------------+----------------+-----
Stealth        | 3 4 |  4.2
Short Blades   | 1 |  1.8
Dodging        | |  2.7
Spellcasting   | |  3.6
Conjurations   | |  1.6
Summonings     | |  1.8
Translocations | |  1.7

Action                   |  1- 3 |  4- 6 || total
-------------------------+-------+-------++-------
Melee: Dagger            |    55 |    72 ||   127
       Constrict         |    10 |    17 ||    27
       Tentacles         |    11 |    17 ||    28
       Punch             |     1 |     1 ||     2
 Cast: Magic Dart        |     5 |    12 ||    17
       Call Imp          |       |     1 ||     1
  Use: Scroll            |       |     4 ||     4
       Potion            |       |     1 ||     1
 Stab: Sleeping          |     8 |    10 ||    18
Armor: Skin              |     1 |     1 ||     2
Dodge: Dodged            |    17 |    49 ||    66
